 Dungeon Crawl Stone Soup version 0.31-a0-995-g04711c9635 (webtiles) character file.

Game seed: 5112065625894915370

65 Maratek the Trooper (level 3, -2/29 HPs)
             Began as a Demonspawn Fighter on Nov 6, 2023.
             Slain by a gnoll
             ... wielding a +0 halberd
              (6 damage)
             ... on level 2 of the Dungeon.
             The game lasted 00:01:04 (598 turns).

Maratek the Trooper (Demonspawn Fighter)             Turns: 598, Time: 00:01:04

Health: -2/29      AC:  9    Str: 18    XL:     3   Next: 92%
Magic:  3/3        EV:  7    Int:  9    God:
Gold:   23         SH:  0    Dex: 12    Spells: 2/2 levels left

rFire   . . .        a - +0 war axe
rCold   . . .        (no shield)
rNeg    . . .        h - +0 chain mail
rPois   .            (no helmet)
rElec   .            (no cloak)
rCorr   .            (no gloves)
SInv    .            (no boots)
Will    .....        (no amulet) Stlth
                     (no ring)
HPRegen 0.24/turn    (no ring)
MPRegen 0.08/turn

%: no passive effects
@: no status effects
A: spiny 1, demonic touch 1
a: no special abilities


You were on level 2 of the Dungeon.
You visited 1 branch of the dungeon, and saw 2 of its levels.

You collected 23 gold pieces.

Inventory:

Hand Weapons
 a - a +0 war axe (weapon)
Armour
 h - a +0 chain mail (worn)
Scrolls
 b - a scroll of fog {unknown}
 e - 2 scrolls of identify {unknown}
 g - a scroll of immolation {unknown}
Potions
 d - a potion of might
 f - a potion of haste {unknown}
 i - a potion of curing {unknown}


   Skills:
 + Level 3.3 Fighting
 + Level 3.0 Axes
 + Level 3.0 Armour
 + Level 0.2 Dodging
 + Level 3.0 Shields


You had 2 spell levels left.
You didn't know any spells.
Your spell library was empty.

Dungeon Overview and Level Annotations

Branches:
Dungeon (1/15)

Altars:


Innate Abilities, Weirdness & Mutations

You are partially covered in sharp spines.
Your touch may inflict minor irresistible damage on your foes.


Message History

You barely miss the gnoll.
You touch the gnoll!
The gnoll is heavily wounded.
You barely miss the gnoll. The gnoll hits you with a +0 flail.
The gnoll hits you but does no damage.
You hit the gnoll.
You touch the gnoll.
You kill the gnoll!
You miss the bat. You hit the gnoll. The bat hits you but does no damage.
The bat is struck by your spines.
You kill the bat!
The gnoll barely misses you.
The gnoll hits you from afar with a +0 halberd.
You slash the gnoll!
You kill the gnoll!
You hit the gnoll. The gnoll hits you but does no damage.
The gnoll hits you from afar with a +0 halberd!
* * * LOW HITPOINT WARNING * * *
The gnoll hits you but does no damage. The gnoll is struck by your spines.
The gnoll hits you with a +0 flail of holy wrath.
* * * LOW HITPOINT WARNING * * *
You convulse.
* * * LOW HITPOINT WARNING * * *
Your Armour skill increases to level 3!
You barely miss the gnoll.
You touch the gnoll!
The gnoll is almost dead.
The gnoll hits you from afar with a +0 halberd.
* * * LOW HITPOINT WARNING * * *
The gnoll is struck by your spines.
You kill the gnoll!
The gnoll is struck by your spines. The gnoll hits you but does no damage.
The frilled lizard is struck by your spines.
You kill the frilled lizard!
Your Axes skill increases to level 3!
You see here a +0 flail.
You hit the gnoll.
The gnoll is heavily wounded.
The gnoll barely misses you.
You hit the gnoll.
The gnoll is severely wounded.
The gnoll hits you with a +0 halberd.
You die...

#. #...# .# #.
###..##.# ..
##.......## .#
##.........##
#...........#
##...........#
...............#
#####.........###
##...#.@g...#
#####))†......
#...$......
#..........
#..........
#..........
#..........
##.........


You could see a gnoll.

Vanquished Creatures
  3 gnolls (D:2)
  An adder (D:2)
  A dart slug (D:1)
  3 ball pythons (D:1)
  3 endoplasms (D:1)
  A goblin (D:1)
  3 hobgoblins (D:1)
  2 kobolds (D:1)
  5 bats
  4 frilled lizards
  2 rats
28 creatures vanquished.

Notes
Turn   | Place    | Note
-------+----------+-------------------------------------------
     0 | D:1      | Maratek the Demonspawn Fighter began the quest for the Orb.
     0 | D:1      | Reached XP level 1. HP: 18/18 MP: 1/1
   228 | D:1      | Gained mutation: You are partially covered in sharp spines.
                  | [demonic ancestry]
   228 | D:1      | Reached XP level 2. HP: 24/24 MP: 2/2
   520 | D:1      | You fall into a shaft and drop 1 floor!
   548 | D:2      | Gained mutation: Your touch may inflict minor irresistible
                  | damage on your foes. [demonic ancestry]
   548 | D:2      | Reached XP level 3. HP: 26/29 MP: 3/3
   598 | D:2      | Slain by a gnoll

Illustrated notes

Levels and vault maps discovered:
D:1:      dpeg_arrival_water_fire, layout_basic, serial_shops, shop_fountains
D:2:      layout_rooms, minmay_misc_feat_hallway

Skill      XL: |  1  2  3 |
---------------+----------+-----
Axes           | 2 3 |  3.0
Shields        | 3 |  3.0
Armour         | 3 |  3.0
Fighting       | |  3.3
Dodging        | |  0.2

Action                     || total
---------------------------++-------
  Melee: War axe           ||    54
         Touch             ||     3
 Armour: Chain mail        ||    54
         Scale mail        ||     5
  Dodge: Dodged            ||    13
  Block: Buckler           ||    11

Table legend: (Time is in decaauts)
 A = Elapsed time spent in this place.
 B = Non-inter-level travel time spent in this place.
 C = Inter-level travel time spent in this place.
 D = Time resting spent in this place.
 E = Time spent auto-exploring this place.
 F = Levels seen in this place.
 G = Mean time per level.
                   A        B        C        D        E       F      G
               +--------+--------+--------+--------+--------+-----+--------+
         Total |    620 |    614 |      6 |      0 |    458 |   2 |  310.0 |
       Dungeon |    620 |    614 |      6 |      0 |    458 |   2 |  310.0 |
               +--------+--------+--------+--------+--------+-----+--------+

Top non-repeatable levels by time:
     D:1: 538 daAuts
     D:2: 81 daAuts
